 Dungeon Crawl Stone Soup version 0.17.1-3-g152610e (webtiles) character file.

3697 Jerry the Skirmisher (level 9, -7/79 HPs)
             Began as a Minotaur Warper on Feb 27, 2016.
             Was an Initiate of Ashenzari.
             Killed from afar by a molten gargoyle (13 damage)
             ... with a bolt of magma
             ... on level 9 of the Dungeon.
             The game lasted 00:43:28 (8025 turns).

Jerry the Skirmisher (Minotaur Warper)              Turns: 8025, Time: 00:43:28

Health: -7/79      AC: 18    Str: 11    XL:     9   Next: 90%
Magic:  0/14       EV: 12    Int: 10    God:    Ashenzari [......]
Gold:   523        SH:  0    Dex: 17    Spells: 2 memorised, 12 levels left

rFire  . . .     SeeInvis .     g - +1 whip (venom) (curse)
rCold  . . .     Clarity  .     P - +0 plate armour (curse)
rNeg   . . .     SustAt   .     (no shield)
rPois  .         Gourm    .     (helmet unavailable)
rElec  .         Spirit   +     E - +0 cloak (curse)
rCorr  .         Warding  .     (no gloves)
rMut   .         Stasis   .     b - +2 pair of boots "Itaad" {MR+ Str-3 Dex+4} (curse)
MR     +....                    H - amulet of guardian spirit (curse)
Stlth  ..........               j - +4 ring of evasion (curse)
                                q - +3 ring of evasion (curse)

@: somewhat resistant to hostile enchantments, extremely unstealthy
A: retaliatory headbutt, horns 3, weak 1
a: Renounce Religion


You were on level 9 of the Dungeon.
You worshipped Ashenzari.
Ashenzari was noncommittal.
You were not hungry.

You visited 2 branches of the dungeon, and saw 10 of its levels.

You collected 537 gold pieces.
You spent 14 gold pieces at shops.

Inventory:

Hand Weapons
 a - a +0 mace
 g - a cursed +1 whip of venom (weapon)
 i - a +4 mace
Missiles
 e - 5 tomahawks of dispersal (quivered)
 l - 2 tomahawks
Armour
 b - the cursed +2 pair of boots "Itaad" (worn) {MR+ Str-3 Dex+4}
   (You found it on level 7 of the Dungeon)

   It affects your strength (-3).
   It affects your dexterity (+4).
   It affects your resistance to hostile enchantments.
   It has a curse placed upon it.
 s - a +1 hat
 w - a +1 leather armour
 E - a cursed +0 cloak (worn)
 P - a cursed +0 plate armour (worn)
Jewellery
 j - a cursed +4 ring of evasion (right hand)
 q - a cursed +3 ring of evasion (left hand)
 u - an uncursed ring of teleportation
 y - an uncursed ring of protection from fire
 H - a cursed amulet of guardian spirit (around neck)
 N - an uncursed ring of sustain attributes
Wands
 p - a wand of paralysis (11)
 C - a wand of heal wounds (9)
 M - a wand of enslavement (7)
Scrolls
 d - 2 scrolls of blinking
 t - 3 scrolls of identify
 v - 2 scrolls of fear
 I - a scroll of curse armour
 J - a scroll of teleportation
 K - a scroll of curse weapon
 L - 2 scrolls of remove curse
 O - a scroll of enchant weapon
Potions
 h - 3 potions of agility {unknown}
 k - a potion of magic {unknown}
 m - 2 potions of flight {unknown}
 n - 3 potions of resistance {unknown}
 o - 2 potions of curing {unknown}
 r - a potion of ambrosia {unknown}
 x - 2 potions of cancellation {unknown}
 A - 4 potions of heal wounds {unknown}
 B - a potion of haste {unknown}
 D - a potion of invisibility {unknown}
Books
 c - a book of Spatial Translocations

   Spells                             Type                      Level
   a - Apportation                    Translocation                1
   b - Blink                          Translocation                2
   c - Shroud of Golubria             Charms/Translocation         2
   d - Portal Projectile              Translocation                3
   e - Teleport Other                 Translocation                3
   f - Passage of Golubria            Translocation                4
 F - a book of Summonings

   Spells                             Type                      Level
   a - Recall                         Summoning/Translocation      3
   b - Aura of Abjuration             Summoning                    5
   c - Shadow Creatures               Summoning                    5
   d - Summon Demon                   Summoning                    5
   e - Summon Forest                  Summoning/Translocation      5
   f - Summon Mana Viper              Hexes/Summoning              5
Comestibles
 f - 8 bread rations
 z - 3 beef jerkies
 G - 2 slices of pizza


   Skills:
 + Level 7.6 Fighting
 + Level 7.4 Maces & Flails
 - Level 1.0 Throwing
 + Level 7.5 Armour
 + Level 7.0 Dodging
 - Level 4.2 Spellcasting
 - Level 3.0 Charms
 - Level 2.1 Translocations


You had 12 spell levels left.
You knew the following spells:

 Your Spells              Type           Power        Failure   Level  Hunger
a - Blink                 Tloc           N/A          100%        2    ##.....
b - Shroud of Golubria    Chrm/Tloc      #.........   100%        2    ##.....


Dungeon Overview and Level Annotations

Branches:
Dungeon (9/15)             Temple (1/1) D:7
   Lair: D:8-11         Orc: D:9-12

Altars:
Ashenzari
Cheibriados
Dithmenos
Elyvilon
Fedhas
Gozag
Makhleb
Nemelex Xobeh
Okawaru
Qazlal
Sif Muna
Trog
Vehumet
Xom
Zin
The Shining One

Shops:
D:5 *


Innate Abilities, Weirdness & Mutations

You reflexively headbutt those who attack you in melee.
You have a pair of large horns on your head.
You are weak. (Str -2)


Message History

You furiously retaliate!
You headbutt the molten gargoyle.
The molten gargoyle blasts magma at you!
The bolt of magma misses you.
The molten gargoyle blasts magma at you!
The bolt of magma misses you.
Things that are here:
a +0 halberd; a gnoll corpse The molten gargoyle blasts magma at you!
The bolt of magma hits you!
* * * LOW HITPOINT WARNING * * *
The molten gargoyle blasts magma at you!
The bolt of magma misses you.
The molten gargoyle blasts magma at you!
The bolt of magma hits you!
The molten gargoyle blasts magma at you!
The bolt of magma hits you!
* * * LOW HITPOINT WARNING * * *
The molten gargoyle blasts magma at you!
The bolt of magma hits you!
You die...

)## ##.........# .#
##.......# )+ #......##
.+ #......# .# #...99.#
.# ##......# .#
##.......##
..#####.........##
..........).....@######..
............#............
............###..........
.........###..........
......................
......................
......................
..............<.......
#################


You could see 2 molten gargoyles.

Vanquished Creatures
  The ghost of Jerry the Ducker, an amateur OpWr of Ashenzari (D:4)
  A deep elf mage (D:6)
  Eustachio (D:5)
  A hippogriff (D:8)
  2 sky beasts
  2 orc warriors
  4 phantoms
  A black bear (D:8)
  3 ogres
  3 centaurs (D:8)
  2 ice beasts
  3 giant frogs
  2 big kobolds (D:8)
  A scorpion (D:7)
  7 crimson imps
  3 orc priests
  A jelly (D:7)
  Crazy Yiuf (D:7)
  A gnoll shaman (D:5)
  3 hounds
  A centaur skeleton (D:4)
  7 orc wizards
  Natasha (thrice) (D:3)
  5 worker ants
  5 iguanas
  A hound zombie (D:6)
  A hound skeleton (D:4)
  5 adders
  A shadow imp (D:5)
  11 gnolls
  An ooze (D:2)
  An adder skeleton (D:5)
  9 giant geckos
  18 orcs
  A ball python (D:2)
  4 giant cockroaches
  8 goblins
  9 hobgoblins
  2 jackals (D:5)
  11 kobolds
  5 bats
  A giant gecko skeleton (D:5)
  11 giant newts
  2 jackal skeletons
  A quokka (D:3)
  A quokka zombie (D:6)
  6 rats
174 creatures vanquished.

Notes
Turn   | Place    | Note
--------------------------------------------------------------
     0 | D:1      | Jerry the Minotaur Warper began the quest for the Orb.
     0 | D:1      | Reached XP level 1. HP: 18/18 MP: 1/1
   562 | D:1      | Reached XP level 2. HP: 25/25 MP: 3/3
  1060 | D:2      | Reached XP level 3. HP: 30/30 MP: 4/4
  1087 | D:2      | Reached skill level 3 in Fighting
  1536 | D:3      | Learned a level 2 spell: Shroud of Golubria
  1631 | D:3      | Noticed Natasha
  1641 | D:3      | Killed Natasha
  1641 | D:3      | Reached XP level 4. HP: 31/38 MP: 5/5
  2103 | D:3      | Noticed Natasha
  2112 | D:3      | Killed Natasha
  2176 | D:4      | Reached XP level 5. HP: 42/45 MP: 6/6
  2369 | D:4      | Noticed Jerry's ghost (amateur OpWr)
  2369 | D:4      | Reached skill level 1 in Charms
  2382 | D:4      | Reached skill level 4 in Maces & Flails
  2684 | D:4      | Killed Jerry's ghost
  2684 | D:4      | Reached XP level 6. HP: 39/52 MP: 8/8
  2808 | D:3      | Noticed Natasha
  2814 | D:3      | Killed Natasha
  3078 | D:4      | Reached XP level 7. HP: 49/60 MP: 9/9
  3687 | D:5      | Entered Level 5 of the Dungeon
  3696 | D:5      | Found a radiant altar of Vehumet.
  4104 | D:5      | Noticed Eustachio
  4118 | D:5      | Killed Eustachio
  4118 | D:5      | Reached skill level 5 in Maces & Flails
  4177 | D:5      | Reached skill level 5 in Fighting
  4305 | D:5      | Found Ponn's General Store.
  4313 | D:5      | Bought a potion of poison for 14 gold pieces
  4773 | D:6      | Reached XP level 8. HP: 31/68 MP: 8/11
  5048 | D:6      | Reached skill level 5 in Armour
  5309 | D:6      | Reached skill level 5 in Dodging
  5391 | D:6      | Found a snail-covered altar of Cheibriados.
  5698 | D:6      | Reached skill level 6 in Fighting
  5717 | D:6      | Gained mutation: You have a pair of large horns on your head. [mutagenic meat]
  5718 | D:6      | Gained mutation: You are weak. (Str -2) [mutagenic meat]
  5894 | D:7      | Reached XP level 9. HP: 72/75 MP: 13/13
  6119 | D:7      | Noticed Crazy Yiuf
  6127 | D:7      | Killed Crazy Yiuf
  6556 | D:7      | Found a staircase to the Ecumenical Temple.
  6569 | Temple   | Entered the Ecumenical Temple
  6577 | Temple   | Became a worshipper of Ashenzari the Shackled
  6797 | D:7      | Found a white marble altar of Elyvilon.
  6803 | D:7      | Found a sparkling altar of Nemelex Xobeh.
  6806 | D:7      | Got the uncursed pair of boots "Itaad" {MR+ Str-3 Dex+4}
  6812 | D:7      | Identified the +2 pair of boots "Itaad" {MR+ Str-3 Dex+4} (You found it on level 7 of the Dungeon)
  7067 | D:8      | Reached skill level 7 in Fighting
  7837 | D:8      | Found an iron altar of Okawaru.
  7960 | D:9      | Learned a level 2 spell: Blink
  7994 | D:9      | Noticed a molten gargoyle
  8005 | D:9      | Noticed a molten gargoyle
  8025 | D:9      | Killed from afar by a molten gargoyle

Action                   |  1- 3 |  4- 6 |  7- 9 || total
-------------------------+-------+-------+-------++-------
Melee: Whip              |   103 |   122 |   461 ||   686
       Mace              |     5 |       |       ||     5
 Cast: Shroud of Golubri |       |       |    14 ||    14
  Use: Scroll            |     2 |       |    15 ||    17
 Stab: Sleeping          |     1 |     1 |     1 ||     3
  Eat: Chunk             |     2 |     1 |    13 ||    16
       Meat ration       |       |     1 |     1 ||     2
